 Dungeon Crawl Stone Soup version 0.30-a0-782-ge64f9170bb (webtiles) character file.

Game seed: 8415083402473007669

17673 bear the Severer (level 12, -4/110 HPs)
             Began as a Minotaur Gladiator on Dec 23, 2022.
             Was a High Priest of Okawaru.
             Slain by a dire elephant simulacrum (17 damage)
             ... in an ice cave on Mar 10, 2023.
             The game lasted 00:32:40 (12030 turns).

bear the Severer (Minotaur Gladiator)              Turns: 12030, Time: 00:32:40

Health: -4/110     AC: 18    Str: 27    XL:     12   Next: 21%
Magic:  25/25      EV:  9    Int:  9    God:    Okawaru [*****.]
Gold:   848        SH:  6    Dex: 13    Spells: 11/11 levels left

rFire   . . .      SeeInvis +    a - +1 war axe
rCold   . . .      Faith    .    h - +0 buckler
rNeg    . . .      Spirit   .    c - +5 leather armour of Qazlal's Hatred {Fly Str+4}
rPois   .          Reflect  .    J - +2 hat
rElec   +          Harm     .    P - +5 cloak of Altruism {rElec Int+4 Slay+2}
rCorr   .          Rampage  .    (no gloves)
Will    .....                    O - +0 pair of boots
Stlth   +                        (no amulet)
HPRegen 0.38/turn                N - +4 ring of slaying
MPRegen 0.19/turn                b - ring of Fohes {MP+9 SInv}

@: flying, hasted, constricted, very quick
A: horns 2, retaliatory headbutt
a: Renounce Religion, Heroism, Finesse, Duel


You were in an ice cave.
You worshipped Okawaru.
Okawaru was extremely pleased with you.
You visited 3 branches of the dungeon, and saw 12 of its levels.
You also visited: Sewer, Bailey and Ice Cave.

You collected 1237 gold pieces.
You spent 389 gold pieces at shops.

Inventory:

Hand Weapons
 a - a +1 war axe (weapon)
 F - a +3 heavy executioner's axe
Missiles
 d - 5 throwing nets (quivered)
 e - 4 javelins
 p - a silver javelin
 Q - 17 boomerangs
Armour
 c - the +5 leather armour of Qazlal's Hatred (worn) {Fly Str+4}
   (You found it on level 7 of the Dungeon)

   Str:       It affects your strength (+4).
   Fly:       It grants you flight.
 h - a +0 buckler (worn)
 y - a +0 tower shield
 J - a +2 hat (worn)
 O - a +0 pair of boots (worn)
 P - the +5 cloak of Altruism (worn) {rElec Int+4 Slay+2}
   (You bought it in a shop on level 5 of the Dungeon)

   Int:       It affects your intelligence (+4).
   Slay:      It affects your accuracy & damage with ranged weapons and melee
   (+2).
   rElec:     It insulates you from electricity.
 T - the +1 cloak "Timp" {rN+++ Regen+ Int+3 Dex-4}
   (You found it on level 9 of the Dungeon)

   Int:       It affects your intelligence (+3).
   Dex:       It affects your dexterity (-4).
   rN:        It renders you almost immune to negative energy.
   Regen:     It increases your rate of health regeneration.
Jewellery
 b - the ring of Fohes (right hand) {MP+9 SInv}
   (You found it on level 4 of the Dungeon)

   [ring of see invisible]

   MP:        It affects your magic capacity (+9).
   SInv:      It lets you see invisible.
 j - the amulet "Yqeitrug" {Faith Harm rC+ Will++}
   (You took it off a kobold in a bailey)

   [amulet of faith]

   It allows you to gain divine favour quickly.
   rC:        It protects you from cold.
   Harm:      It increases damage dealt and taken.
   Will:      It greatly increases your willpower.
 N - a +4 ring of slaying (left hand)
Wands
 q - a wand of mindburst (21)
 E - a wand of digging (8)
 G - a wand of polymorph (19)
 H - a wand of flame (20)
 L - a wand of quicksilver (16)
 U - a wand of roots (4)
Scrolls
 f - 3 scrolls of enchant weapon
 g - 2 scrolls of enchant armour
 i - 3 scrolls of amnesia
 l - 6 scrolls of teleportation
 m - 4 scrolls of silence
 n - 2 scrolls of poison
 u - 3 scrolls of magic mapping
 C - a scroll of immolation
 K - a scroll of summoning
 R - a scroll of blinking {unknown}
Potions
 k - a potion of resistance {unknown}
 o - 7 potions of might
 r - a potion of experience {unknown}
 s - a potion of lignification {unknown}
 t - 7 potions of flight
 v - 6 potions of curing
 w - 2 potions of invisibility
 x - 5 potions of mutation
 z - 2 potions of haste
 A - 7 potions of heal wounds
 B - 2 potions of magic
 D - a potion of degeneration {unknown}
 M - a potion of brilliance {unknown}
 S - a potion of ambrosia
Miscellaneous
 I - a condenser vane


   Skills:
 * Level 11.4 Fighting
 - Level 16.0 Axes
 - Level 2.0 Throwing
 + Level 8.2 Armour
 + Level 3.8 Dodging
 + Level 8.1 Shields
 + Level 6.8 Invocations


You had 11 spell levels left.
You didn't know any spells.
Your spell library contained the following spells:

 Spells                   Type           Power      Damage    Failure   Level
 Slow                     Hex            0%         N/A       50%         1
 Confusing Touch          Hex            0%         N/A       86%         3
 Vampiric Draining        Necr           0%         2d6       86%         3
 Passage of Golubria      Tloc           0%         N/A       99%         4
 Silence                  Hex/Air        0%         N/A       100%        5
 Lehudib's Crystal Spear  Conj/Erth      0%         10d2      100%        8


Dungeon Overview and Level Annotations

Branches:
Dungeon (9/15)             Temple (1/1) D:4            Lair (2/5) D:9
 Shoals (0/4) Lair:2        Sewer (visited)          Bailey (visited)
  IceCv (1/1)
  Snake: Lair:2-3    Spider: Lair:2-3       Orc: D:9-12

Altars:
Ashenzari
Cheibriados
Dithmenos
Elyvilon
Fedhas
Gozag
Kikubaaqudgha
Makhleb
Nemelex Xobeh
Okawaru
Qazlal
Ru
Sif Muna
Trog
Uskayaw
Vehumet
Wu Jian
Xom
Yredelemnul
The Shining One

Shops:
D:2 [   D:5 [

Annotations:
D:3 1 runed translucent door
D:5 2 transporters
D:6 2 transporters, Sapher's ghost, amateur DEEE


Innate Abilities, Weirdness & Mutations

You have a pair of horns on your head.
You reflexively headbutt those who attack you in melee.


Message History

You hit the dire elephant simulacrum.
You block the anaconda simulacrum's attack.
The anaconda simulacrum constricts you.
You slash the anaconda simulacrum!
The anaconda simulacrum is heavily damaged.
You slash the dire elephant simulacrum!
The anaconda simulacrum bites you but does no damage.
The anaconda simulacrum constricts you.
The dire elephant simulacrum barely misses you.
You furiously retaliate!
You headbutt the dire elephant simulacrum!
You block the dire elephant simulacrum's attack.
You hit the dire elephant simulacrum but do no damage.
The dire elephant simulacrum is severely damaged.
You closely miss the anaconda simulacrum.
You block the anaconda simulacrum's attack.
The anaconda simulacrum constricts you.
You hit the dire elephant simulacrum.
The dire elephant simulacrum is almost destroyed.
You hit the anaconda simulacrum. The anaconda simulacrum bites you.
The anaconda simulacrum freezes you!! The anaconda simulacrum constricts you.
The dire elephant simulacrum tramples you!!
You are held in place!
The dire elephant simulacrum trunk-slaps you.
The dire elephant simulacrum freezes you!!
* * * LOW HITPOINT WARNING * * *
The anaconda simulacrum bites you but does no damage.
The anaconda simulacrum constricts you.
* * * LOW HITPOINT WARNING * * *
You take 83 damage, and have 12/110 hp.
MASSIVE DAMAGE!!
Press: ? - help, v - describe, . - travel
Here: an anaconda simulacrum (heavily damaged, constricting you)
The floor.
Okay, then.
Okay, then.
You feel yourself speed up.
The anaconda simulacrum bites you but does no damage.
The anaconda simulacrum constricts you.
The dire elephant simulacrum tramples you!
You die...

#∩#.###..##
#######...#
##.##
##..##
#...###..##
##......##
#..#....#
#..###.##
#.## ###
#.@#
##ZZ...#
##...⌠..#
###..#. .#
#


You could see an anaconda simulacrum and a dire elephant simulacrum.

Vanquished Creatures
  Erolcha (D:9)
  A boulder beetle (Lair:2)
  Pikel (D:7)
  2 wolf spiders (Lair:1)
  4 elephants (Lair:1)
  2 merfolk sirens (Lair:2)
  Maurice (D:9)
  3 cane toads (Lair:1)
  2 kobold demonologists (D:9)
  3 komodo dragons
  A merfolk (Lair:2)
  2 ice devils (Lair:2)
  3 blink frogs (Lair:1)
  A hornet (D:8)
  Sigmund (D:2)
  2 wyverns
  A shadow (D:9)
  22 yaks
  A steam dragon (D:8)
  4 water moccasins
  An acid dragon (D:8)
  9 orc warriors
  3 ice beasts
  A black bear (D:5)
  A sky beast (D:7)
  2 ogres
  5 wolves (Lair:1)
  3 centaurs
  A kobold brigand (D:8)
  A phantom (D:4)
  5 bullfrogs
  2 necrophages
  A gnoll sergeant (D:6)
  A cane toad simulacrum (IceCv)
  A scorpion (D:6)
  A two-headed ogre simulacrum (IceCv)
  8 wights
  4 killer bees
  6 howler monkeys
  An electric eel (Lair:2)
  2 lava snakes (D:9)
  4 jellies
  3 hounds
  An orc priest (D:9)
  2 gnoll boudas
  An iguana (D:6)
  Terence (D:2)
  Jessica (D:2)
  9 orc wizards
  A troll simulacrum (IceCv)
  10 gnolls (D:6)
  2 river rats (Sewer)
  9 adders
  A naga simulacrum (IceCv)
  A shadow imp (D:7)
  A white imp (D:8)
  3 ufetubi
  2 worms
  4 dart slugs
  24 orcs
  7 ball pythons
  A bat (D:3)
  19 endoplasms
  6 giant cockroaches
  6 hobgoblins
  10 quokkas
  6 frilled lizards
  12 goblins
  22 kobolds
  4 rats
290 creatures vanquished.

Vanquished Creatures (others)
  2 plants
2 creatures vanquished.

Grand Total: 292 creatures vanquished

Notes
Turn   | Place    | Note
-------+----------+-------------------------------------------
     0 | D:1      | bear the Minotaur Gladiator began the quest for the Orb.
     0 | D:1      | Reached XP level 1. HP: 18/18 MP: 0/0
    81 | D:1      | Reached skill level 4 in Axes
   318 | D:1      | Reached XP level 2. HP: 23/25 MP: 1/1
   916 | D:2      | Reached skill level 5 in Axes
   916 | D:2      | Reached XP level 3. HP: 30/30 MP: 2/2
   936 | D:2      | Found a faded altar of an unknown god.
   959 | D:2      | Found Taur's Antique Armour Boutique.
  1007 | D:2      | Noticed Sigmund
  1021 | D:2      | Killed Sigmund
  1022 | D:2      | Reached skill level 7 in Axes
  1022 | D:2      | Reached XP level 4. HP: 37/37 MP: 3/3
  1022 | D:2      | Reached XP level 5. HP: 42/42 MP: 4/4
  1404 | D:2      | Noticed Terence
  1408 | D:2      | Noticed Jessica
  1411 | D:2      | Killed Terence
  1412 | D:2      | Reached skill level 8 in Axes
  1525 | D:2      | Killed Jessica
  1526 | D:2      | Reached XP level 6. HP: 48/50 MP: 5/5
  1686 | D:3      | Found a glowing drain.
  1710 | Sewer    | Entered a sewer
  1942 | Sewer    | Found a viscous altar of Jiyva.
  1958 | Sewer    | Reached skill level 9 in Axes
  2417 | D:3      | Found a runed translucent door.
  2638 | D:4      | Reached XP level 7. HP: 56/56 MP: 6/6
  2682 | D:2      | Bought a spiked ring mail for 180 gold pieces
  2682 | D:2      | Identified the +2 ring mail of the Wumpus {Dex+5 SInv} (You
                  | bought it in a shop on level 2 of the Dungeon)
  2787 | D:4      | Identified the ring of Fohes {MP+9 SInv}
  3092 | D:4      | Found a staircase to the Ecumenical Temple.
  3208 | D:4      | Reached skill level 10 in Axes
  3520 | D:5      | Entered Level 5 of the Dungeon
  3617 | D:5      | Found Yfaudat's Antique Armour Boutique.
  3721 | D:5      | Found a transporter.
  3775 | D:5      | Reached skill level 11 in Axes
  3863 | D:5      | Reached XP level 8. HP: 38/62 MP: 7/7
  4245 | D:5      | Found a transporter.
  4517 | D:6      | Found a transporter.
  4704 | Temple   | Entered the Ecumenical Temple
  4709 | Temple   | Became a worshipper of Warmaster Okawaru
  4868 | D:6      | Reached skill level 12 in Axes
  4952 | D:6      | Upgraded the game from 0.30-a0-528-g8c47a4955b to
                  | 0.30-a0-782-ge64f9170bb
  4993 | D:6      | Noticed Sapher's ghost (amateur DEEE)
  5007 | D:6      | Found a transporter.
  5008 | D:6      | Noticed a queen bee
  5086 | D:6      | Found a radiant altar of Vehumet.
  5162 | D:6      | Reached skill level 13 in Axes
  5459 | D:6      | Reached * piety under Okawaru
  5900 | D:6      | Reached skill level 14 in Axes
  6131 | D:7      | Reached XP level 9. HP: 68/68 MP: 8/8
  6146 | D:7      | Noticed Pikel
  6165 | D:7      | Killed Pikel
  6166 | D:7      | Reached skill level 15 in Axes
  6344 | D:7      | Identified the +5 leather armour of Qazlal's Hatred {Fly
                  | Str+4}
  6437 | D:7      | Reached ** piety under Okawaru
  6693 | D:7      | Found a glowing golden altar of the Shining One.
  6698 | D:7      | Reached skill level 1 in Armour
  7029 | D:8      | Reached skill level 1 in Shields
  7036 | D:8      | Reached skill level 1 in Invocations
  7162 | D:8      | Found a shimmering blue altar of Sif Muna.
  7249 | D:8      | Reached *** piety under Okawaru
  7259 | D:8      | Reached skill level 16 in Axes
  7259 | D:8      | Reached XP level 10. HP: 36/78 MP: 10/10
  7778 | D:9      | Reached skill level 5 in Fighting
  7782 | D:9      | Received a gift from Okawaru
  7899 | D:9      | Noticed Erolcha
  7903 | D:9      | Noticed Maurice
  7910 | D:9      | Killed Erolcha
  7926 | D:9      | Killed Maurice
  7926 | D:9      | Reached **** piety under Okawaru
  8083 | D:5      | Bought a fine cloak for 209 gold pieces
  8083 | D:5      | Identified the +5 cloak of Altruism {rElec Int+4 Slay+2}
                  | (You bought it in a shop on level 5 of the Dungeon)
  8206 | D:9      | Received a gift from Okawaru
  8224 | D:9      | Found a flagged portal.
  8234 | Bailey   | Entered a bailey
  8282 | Bailey   | Identified the amulet "Yqeitrug" {Faith Harm rC+ Will++}
  8347 | Bailey   | Reached skill level 5 in Armour
  8367 | Bailey   | Reached skill level 5 in Shields
  8898 | D:9      | Found a staircase to the Lair.
  9123 | D:9      | Identified the +1 cloak "Timp" {rN+++ Regen+ Int+3 Dex-4}
  9126 | D:9      | Found a sacrificial altar of Ru.
  9129 | D:9      | Noticed an orange demon
  9132 | D:9      | Noticed a smoke demon
  9132 | D:9      | Received a gift from Okawaru
  9133 | D:9      | Noticed a sun demon
  9564 | D:9      | Reached XP level 11. HP: 94/94 MP: 13/13
  9566 | D:9      | Found a hide-covered altar of Uskayaw.
  9566 | D:9      | Found a burning altar of Makhleb.
  9577 | D:9      | Found an ancient bone altar of Kikubaaqudgha.
  9579 | D:9      | Found a sparkling altar of Nemelex Xobeh.
  9581 | D:9      | Found a blossoming altar of Fedhas.
  9690 | Lair:1   | Entered Level 1 of the Lair of Beasts
  9761 | Lair:1   | Received a gift from Okawaru
  9763 | Lair:1   | Reached skill level 5 in Invocations
 10058 | Lair:1   | Identified the +0 scale mail of the Circus Animal {rF+}
 10084 | Lair:1   | Reached ***** piety under Okawaru
 10377 | Lair:1   | Noticed a wolf spider
 10378 | Lair:1   | Noticed a wolf spider
 10391 | Lair:1   | Killed a wolf spider
 10393 | Lair:1   | Killed a wolf spider
 10549 | Lair:1   | Received a gift from Okawaru
 10550 | Lair:1   | Reached skill level 10 in Fighting
 10932 | Lair:1   | Received a gift from Okawaru
 11300 | Lair:2   | Noticed a boulder beetle
 11325 | Lair:2   | Killed a boulder beetle
 11326 | Lair:2   | Reached XP level 12. HP: 73/110 MP: 15/15
 11602 | Lair:2   | Found a staircase to the Shoals.
 11848 | Lair:2   | Found a frozen archway.
 11977 | IceCv    | Entered an ice cave
 12030 | IceCv    | Slain by a dire elephant simulacrum

Illustrated notes

Levels and vault maps discovered:
D:1:      ncdulo_watergridlock, layout_loops_corners
D:2:      layout_basic, shapermc_ecumenical_altar_starsandcircs, serial_shops,
          shop, uniq_jessica, uniq_sigmund, uniq_terence
D:3:      layout_rooms, portal_sewer_entry_f, uniq_crazy_yiuf_cottage
D:4:      layout_cave_pods, minmay_temple_entry_large_hall
D:5:      gammafunk_steamed_eel, layout_loops_corners, serial_shops, shop
D:6:      layout_loops_ring, nicolae_vehumet_radiance, gammafunk_ghost_hive
D:7:      layout_rooms, nicolae_tso_carved_into_rock,
          minmay_misc_feat_diagonals, centaur_isle, uniq_pikel
D:8:      layout_basic, amcnicky_altar_gilded
D:9:      layout_basic, mainiacjoe_overflow_surrounded_room,
          chequers_temple_overflow_minitemple, enter_bailey_3,
          kennysheep_generic_room_9, uniq_erolcha, uniq_maurice
Temple:   minmay_freezing_vapour_temple
Lair:1:   layout_hall_layers, st_stairs_5, nicolae_lair_run_with_the_wolves,
          grunt_megastairs_4
Lair:2:   layout_gridlike, elwin_shoals_entry_rooms, serial_forest,
          infiniplex_forest_lined_2, infiniplex_forest_zigzag_1,
          infiniplex_forest_zigzag_1, infiniplex_forest_lined_1,
          infiniplex_forest_end_2, infiniplex_forest_lined_corner,
          portal_ice_cave_demonic_guard, st_stairs_5
IceCv:    ice_cave_caverns_03

Skill      XL: |  1  2  3  4  5  6  7  8  9 10 11 12 |
---------------+-------------------------------------+-----
Axes           | 4 5 7 8 9 11 14 16 | 16.0
Armour         | 2 5 7 8 |  8.2
Shields        | 2 5 7 8 |  8.1
Invocations    | 2 4 6 |  6.8
Fighting       | 3 7 11 | 11.4
Throwing       | |  2.0
Dodging        | |  3.8

Action                     |  1- 3 |  4- 6 |  7- 9 | 10-12 || total
---------------------------+-------+-------+-------+-------++-------
  Melee: War axe           |    31 |   129 |   222 |   333 ||   715
         Headbutt          |     5 |    17 |    49 |    57 ||   128
         Punch             |       |     2 |     2 |     2 ||     6
  Throw: Throwing net      |     2 |       |       |       ||     2
 Invoke: Heroism           |       |       |     1 |     5 ||     6
    Use: Scroll            |       |       |     9 |    11 ||    20
         Potion            |       |       |       |     1 ||     1
 Armour: Leather armour    |    10 |    34 |    25 |   121 ||   190
         Ring mail         |       |       |    57 |       ||    57
  Dodge: Dodged            |    10 |    74 |   128 |   153 ||   365
  Block: Buckler           |       |       |       |    26 ||    26

Table legend: (Time is in decaauts)
 A = Elapsed time spent in this place.
 B = Non-inter-level travel time spent in this place.
 C = Inter-level travel time spent in this place.
 D = Time resting spent in this place.
 E = Time spent auto-exploring this place.
 F = Levels seen in this place.
 G = Mean time per level.
                   A        B        C        D        E       F      G
               +--------+--------+--------+--------+--------+-----+--------+
         Total |  11953 |  10933 |   1020 |   2276 |   6319 |  15 |  796.9 |
       Dungeon |   8921 |   7945 |    976 |   1290 |   5041 |   9 |  991.2 |
        Temple |     10 |     10 |      0 |      0 |      0 |   1 |   10.0 |
          Lair |   2243 |   2199 |     44 |    967 |    934 |   2 | 1121.5 |
         Sewer |    418 |    418 |      0 |      0 |    272 |   1 |  418.0 |
        Bailey |    310 |    310 |      0 |     19 |     72 |   1 |  310.0 |
      Ice Cave |     48 |     48 |      0 |      0 |      0 |   1 |   48.0 |
               +--------+--------+--------+--------+--------+-----+--------+

Top non-repeatable levels by time:
  Lair:1: 1582 daAuts
     D:6: 1459 daAuts
     D:9: 1374 daAuts
     D:5: 1151 daAuts
     D:1: 981 daAuts
     D:4: 977 daAuts
     D:7: 905 daAuts
     D:8: 810 daAuts
     D:2: 689 daAuts
  Lair:2: 660 daAuts
     D:3: 572 daAuts
   Sewer: 418 daAuts
  Bailey: 310 daAuts
   IceCv: 48 daAuts
  Temple: 10 daAuts
